Unix NetHack Version 3.7.0-62 Work-in-progress - last build Sep 11 2022 12:50:24 (50a4e0875b74f16bdbec0d79e29a59bb940978ed,branch:master). Game began 2022-09-02 14:53:20, ended 2023-04-23 02:44:16. n00b, neutral male human Tourist ---------------- |...............| ---...----|----...--- |....-- ... --....| ------...-- ... --...------- ----- |.........| |.........| ----- @..| |...------ -------...| |... ---------..-- ----.-- --%---- --..--------- |..A....|.A.-- --...... | ......-- --...|.......| |...@...|AB@.---....... . .......---....|.......| |...@@@.-A@..S-....... . .............-..._...| |.......|A@..---..... -+- .....---....|.......| |.....A.|...-- --... ..-- --...|.......| ---------..-- --- - --..--------- ...| |.... ----- ------ N00b the Voyager St:18/55 Dx:18 Co:18 In:19 Wi:21 Ch:18 Neutral S:900017 Astral Plane $:0 HP:234(263) Pw:105(138) AC:-25 Xp:23/30009939 T:38761 Latest messages: The splash of venom hits the priestess of The Lady. The priestess of The Lady is blinded by the venom. Where do you want to jump? (For instructions type a '?') The high priest intones: "Pilgrim, you enter a sacred place!" The Angel of Offler points at you, then curses. The renegade Angel of The Lady zaps a wand of striking! Boing! "Wait! I shall polymorph into a grid bug to give thee a fighting chance!" The priest of Blind Io turns to flee. The priest of Blind Io wields a mace! "This time I shall let thee off with a spanking, but let it not happen again." The splash of venom hits the priestess of The Lady. You hear a chugging sound. The cobra spits venom! The splash of venom misses the priestess of The Lady. A splash of venom misses you. The Angel of Blind Io wields a long sword! The Angel of Offler points at you, then curses. "I've met smarter (and prettier) acid blobs." The air crackles around the priest of Moloch. You hear a chugging sound. The Angel of Blind Io swings his long sword. The Angel of Blind Io hits! The Angel of Blind Io swings his long sword. The Angel of Blind Io hits! The Angel of Blind Io hits! The Angel of Blind Io casts a spell at you! You are hit by a shower of missiles! The missiles bounce off! The Angel of Offler points at you, then curses. You hear a mumbled curse. The priest of Offler wields a mace! The mace welds itself to the priest of Offler's hand! You hear some noises in the distance. The Angel of Blind Io points at you, then curses. The Angel of Offler points at you, then curses. The renegade Angel of The Lady zaps a wand of striking! The wand hits the priest of Blind Io! The priest of Offler turns to flee. There is a high altar to The Lady (neutral) here. What do you want to use or apply? [bhkmo-vx-zAC-GIK-MSTVXZ or ?*] b What do you want to sacrifice? [d or ?*] ? You offer the Amulet of Yendor to The Lady... An invisible choir sings, and you are bathed in radiance... The voice of The Lady booms out: "Mortal, thou hast done well!" "In return for thy service, I grant thee the gift of Immortality!" You ascend to the status of Demigod... Do you want your possessions identified? [ynq] (y) q Inventory: Amulets H - an uncursed amulet of reflection (being worn) Weapons e - a blessed +6 silver saber (wielded in left hand) c - a +7 silver saber (wielded in right hand) Armor O - a blessed rustproof +4 helm of brilliance (being worn) W - an uncursed fireproof +3 pair of gauntlets of dexterity (being worn) J - a cursed fireproof +0 pair of jumping boots (being worn) g - a blessed fireproof +5 robe (being worn) l - a blessed +5 Hawaiian shirt with a hula dancer motif (being worn) j - a blessed greased +2 gray dragon scale mail (being worn) Scrolls i - a blessed scroll of blank paper Rings n - a blessed ring of free action (on right hand) Q - a cursed ring of levitation N - an uncursed ring of protection from shape changers R - an uncursed ring of shock resistance (on left hand) Wands S - a wand of create monster (0:15) A - a wand of death (1:4) v - a wand of death (0:0) x - a wand of digging (0:5) m - a wand of digging (0:4) p - a wand of digging (0:3) K - a wand of digging (1:3) q - a wand of enlightenment (0:11) X - a wand of fire (0:4) E - a cursed wand of fire (2:13) o - a wand of polymorph (0:6) I - a wand of secret door detection (0:9) T - a wand of sleep (0:4) L - a wand of striking (0:5) M - a wand of striking (0:2) y - a wand of striking (0:0) D - a wand of teleportation (1:0) r - a cursed wand of teleportation (0:2) Tools b - a blessed greased bag of holding containing 98 items Z - an uncursed sack containing 1 item z - a cursed fire horn (0:0) F - the Bell of Opening (0:1) t - a can of grease (0:17) C - an uncursed magic lamp (lit) V - a magic marker (0:0) G - the blessed Platinum Yendorian Express Card k - an uncursed skeleton key s - an uncursed stethoscope u - an uncursed moist towel h - a blessed +0 unicorn horn Gems/Stones U - 3 uncursed amethyst stones B - 2 cursed black opals P - a blessed luckstone Contents of the bag of holding: 8713 gold pieces 2 +2 darts 11 +4 elven daggers the +3 Sting a +0 bullwhip the rustproof +0 Frost Brand an uncursed +0 helm of opposite alignment a blessed +0 pair of elven boots an uncursed burnt +0 pair of water walking boots an uncursed +0 oilskin cloak an uncursed +0 mummy wrapping 4 uncursed slime molds 9 uncursed carrots an uncursed cream pie an uncursed food ration an uncursed fortune cookie a blessed lembas wafer an uncursed sprig of wolfsbane an uncursed tripe ration an uncursed cockatrice egg 2 uncursed cockatrice eggs 2 uncursed lizard corpses an uncursed lizard corpse 7 blessed scrolls of blank paper 2 uncursed scrolls of blank paper 2 cursed scrolls of blank paper named c a blessed scroll of charging an uncursed scroll of charging an uncursed scroll of confuse monster 2 uncursed scrolls of earth 3 uncursed scrolls of enchant armor an uncursed scroll of enchant weapon an uncursed scroll of fire an uncursed scroll of identify 2 uncursed scrolls of scare monster a blessed scroll of stinking cloud a cursed scroll of teleportation an uncursed potion of fruit juice 3 uncursed potions of full healing an uncursed potion of gain energy a blessed potion of gain level 2 uncursed potions of healing an uncursed potion of invisibility 2 uncursed potions of object detection 2 uncursed potions of oil an uncursed potion of polymorph 2 uncursed potions of restore ability 2 potions of holy water 11 uncursed potions of water 2 potions of unholy water an uncursed ring of conflict an uncursed ring of hunger an uncursed ring of polymorph an uncursed ring of protection from shape changers an uncursed ring of regeneration a blessed ring of slow digestion an uncursed ring of teleport control a wand of cold (0:4) a wand of create monster (0:13) a wand of death (1:7) a wand of digging (0:8) a wand of digging (0:8) a wand of digging (0:8) a wand of enlightenment (0:5) a wand of fire (1:8) a blessed wand of polymorph (1:5) a wand of polymorph (1:3) a wand of probing (1:13) a wand of sleep (0:8) a wand of speed monster (0:3) a wand of striking (0:4) a wand of teleportation (1:7) a wand of teleportation (0:5) a wand of teleportation (1:3) a wand of undead turning (0:3) a wand of wishing (0:2) an uncursed mirror an uncursed blindfold an expensive camera (0:38) a blessed +0 grappling hook an uncursed magic whistle a +0 pick-axe 9 uncursed tallow candles a blessed tinning kit (0:29) 2 uncursed wax candles an uncursed garnet stone 11 uncursed amethyst stones 3 uncursed black opals 7 uncursed citrine stones 2 uncursed diamonds 3 uncursed jade stones an uncursed jasper stone an uncursed jet stone 4 uncursed obsidian stones an uncursed opal 4 uncursed rubies 5 uncursed turquoise stones a blessed luckstone Contents of the sack: a wand of cancellation (0:4) N00b the Tourist's attributes: Background: You were a Voyager, a level 23 male human Tourist. You were neutral, on a mission for The Lady who was opposed by Blind Io (lawful) and Offler (chaotic). You were in the endgame, on the Astral Plane. You entered the dungeon 38761 turns ago. It was nighttime. You had 30009939 experience points, 9990061 more were needed for level 24. Your score was 900017 before end-of-game adjustments. Basics: You had 234 out of 263 hit points. You had 105 out of 138 energy points (spell power). Your armor class was -25. Your wallet was empty. Autopickup was off. Final Characteristics: Your strength was 18/55 (limit:18/100). Your dexterity was 18 (base:15, peak:17, limit:18). Your constitution was 18 (limit:18). Your intelligence was 19 (base:15, innate limit:18). Your wisdom was 21 (base:17, innate limit:18). Your charisma was 18 (limit:18). Final Status: You were not hungry. You were unencumbered. You were wielding two weapons at once. You were skilled in saber and two weapons. Final Attributes: You were piously aligned. You were magic-protected. You were fire resistant. You were cold resistant. You were sleep resistant. You were disintegration-resistant. You were shock resistant. Your items were protected from electric shocks. You were poison resistant. You saw invisible. You were telepathic. You had automatic searching. You were invisible to others. You could jump. You could teleport. You had teleport control. You had a small defense bonus (+2). You were guarded. You took half spell damage. You were very fast. You had reflection. You had free action. You were extremely lucky. You had extra luck. Good luck did not time out for you. You survived. Miscellaneous: You encountered 1 bones level. Total elapsed playing time was 1 day, 32 minutes and 41 seconds. Major events: Turn 1: n00b the neutral male human Tourist entered the dungeon 908: entered the Gnomish Mines 1207: attained the rank of Sightseer (level 3) 2289: reached Mine Town 2302: found Sting on the floor 5819: was bestowed with Giantslayer by The Lady 6342: attained the rank of Excursionist (level 6) 7383: entered Sokoban 7890: completed 1st Sokoban level 8572: completed 2nd Sokoban level 9455: completed 3rd Sokoban level 10844: completed 4th Sokoban level 10974: acquired the Sokoban amulet of reflection 13284: acquired the Mines' End luckstone 18384: was bestowed with Frost Brand by The Lady 19000: attained the rank of Peregrinator (level 10) 20054: made his first wish - "blessed greased +2 gray dragon scale mail", got "a greased gray dragon scale mail" 21203: killed Medusa 21813: entered Gehennom 22382: attained the rank of Traveler (level 14) 23248: killed the Master of Thieves 23248: found the Platinum Yendorian Express Card on the floor 23249: acquired the Bell of Opening 30299: killed the invisible Orcus 30503: attained the rank of Journeyer (level 18) 30739: bribed Baalzebub with 7 zorkmids for safe passage 31062: destroyed Vlad the Impaler 31063: acquired the Candelabrum of Invocation 34433: bribed Asmodeus with 1 zorkmid for safe passage 35552: killed the Wizard of Yendor 35556: acquired the Book of the Dead 35582: performed the invocation 35649: wished for "blessed greased fixed ring of free action", got "a greased ring of free action" 35669: attained the rank of Voyager (level 22) 35744: killed the high priest of Moloch 35748: acquired The Amulet of Yendor 36122: killed the Wizard of Yendor (2nd time) 36207: killed the invisible Juiblex 38220: killed the invisible Wizard of Yendor (3rd time) 38243: entered the Elemental Planes 38243: entered Plane of Earth 38278: entered Plane of Air 38429: entered Plane of Fire 38472: entered Plane of Water 38474: performed his first genocide (class ;) 38689: entered the Astral Plane 38708: killed Famine 38734: killed Famine (2nd time) 38755: killed Pestilence 38761: ascended Vanquished creatures: Orcus Juiblex the Wizard of Yendor (4 times) Pestilence Famine (twice) Vlad the Impaler a high cleric a mastodon Medusa 9 krakens the Master of Thieves an Archon 4 iron golems 2 master liches 3 storm giants 2 titans 5 purple worms 3 gold dragons 5 silver dragons 3 red dragons 4 white dragons 3 black dragons a blue dragon a green dragon a yellow dragon 8 minotaurs a jabberwock 3 baluchitheria 5 demiliches 6 stone golems 2 master mind flayers 4 Olog-hai 2 Nazgul 3 pit fiends 3 sandestins 4 hell hounds 3 displacer beasts a titanothere a trapper 2 guardian nagas 5 genetic engineers 2 disenchanters 34 vampire leaders 4 skeletons 6 aligned clerics 6 captains 6 shades 11 liches 2 nurses 5 ice devils 4 nalfeshnees a lurker above 2 Aleaxes an ettin 3 golden nagas 4 black puddings 28 vampires 4 lieutenants 31 ghosts a queen bee 2 winged gargoyles a mind flayer 2 giant mimics 2 long worms 4 zruties a fire giant 7 ogre tyrants 6 ice trolls 5 rock trolls 6 umber hulks a flesh golem 4 elven monarchs a doppelganger 6 hezrous 4 bone devils 5 large mimics a wumpus 4 fire vortices a couatl 11 stalkers 2 air elementals a fire elemental an earth elemental 9 water elementals 6 hill giants 3 giant mummies 2 black nagas 4 xorns 12 giant zombies 11 elf-nobles 14 sergeants 2 water demons 5 barbed devils 2 vrocks 3 salamanders 6 wargs 3 winter wolves 3 hell hound pups 12 small mimics a glass piercer 2 warhorses 2 steam vortices 6 xans 2 ettin mummies 3 ogre leaders 4 quantum mechanics 5 trolls 2 sasquatches a wood golem 2 erinyes 5 mariliths 7 sharks 8 electric eels 3 gelatinous cubes a pyrolisk 2 large dogs a freezing sphere 3 flaming spheres 4 shocking spheres 2 large cats 2 tigers 5 gargoyles 2 dwarf rulers 6 tengu 3 ochre jellies 8 leocrottas 3 energy vortices a mountain centaur 10 stone giants 2 elf mummies 3 human mummies a red naga 2 green slimes 3 pythons 2 pit vipers 6 cobras 40 wraiths 2 carnivorous apes 12 ettin zombies a leather golem 4 Grey-elves 69 soldiers 7 amorous demons 5 horned devils 2 chameleons 2 crocodiles 5 giant beetles 2 quivering blobs 10 cockatrices 4 wolves 3 winter wolf cubs 2 lynxes 4 panthers 4 gremlins a spotted jelly 6 leprechauns 8 orc-captains an iron piercer a mumak 34 giant spiders 5 scorpions 3 horses an ice vortex 5 black lights 7 vampire bats 10 forest centaurs 4 gnome rulers 3 orc mummies 2 dwarf mummies 8 ogres 2 brown puddings 5 rust monsters 5 owlbears 6 yetis 2 gold golems 3 werewolves 8 Green-elves 4 piranha 13 giant eels 3 lizards 2 chickatrices 3 dingoes a dog a housecat 11 jaguars 5 dwarf leaders 2 blue jellies 2 white unicorns 6 dust vortices 6 ravens 7 plains centaurs 4 gnome mummies 4 snakes 8 water moccasins 2 apes 15 human zombies 4 rope golems 17 Woodland-elves 9 soldier ants 55 fire ants 3 bugbears 4 imps 2 quasits 4 wood nymphs 4 water nymphs 8 mountain nymphs 18 Mordor orcs 6 Uruk-hai 11 orc shamans 3 rock piercers 3 rock moles 4 fog clouds 8 yellow lights 3 shriekers 7 violet fungi 16 gnome leaders 4 gnomish wizards 4 kobold mummies a red naga hatchling a golden naga hatchling 4 gray oozes 6 barrow wights 10 elf zombies 11 ghouls 2 straw golems 2 paper golems 4 jellyfish 20 giant ants a little dog 9 floating eyes 16 dwarves a homunculus 3 kobold leaders 2 kobold shamans 35 hill orcs 12 rothes 2 rabid rats 6 centipedes 5 giant bats 3 monkeys 8 orc zombies 7 dwarf zombies 2 wererats 4 werejackals 6 iguanas 28 killer bees an acid blob 2 gas spores 7 hobbits a large kobold 10 hobgoblins 7 giant rats 23 cave spiders 2 brown molds 3 yellow molds a green mold 50 gnomes 17 garter snakes 10 gnome zombies 10 geckos 14 jackals 2 foxes 3 kobolds 6 goblins 3 sewer rats 6 grid bugs 2 bats 8 lichens 12 kobold zombies 11 newts 1595 creatures vanquished. Genocided or extinct species: soldiers (extinct) erinyes (extinct) jellyfish piranha sharks giant eels electric eels krakens 6 species genocided. 2 species extinct. Voluntary challenges: You read items or engraved 159 times. You never engraved Elbereth. You genocided 6 types of monsters. You never changed form. You used 2 wishes. You did not wish for any artifacts. You did not violate any of the special Sokoban rules. Achievements: You entered the Gnomish Mines. You attained the rank of Sightseer. You entered Minetown. You attained the rank of Excursionist. You entered Sokoban. You completed Sokoban. You completed the Gnomish Mines. You entered a temple. You attained the rank of Peregrinator. You defeated Medusa. You learned the tune to open and close the Castle's drawbridge. You entered Gehennom. You attained the rank of Traveler. You entered a shop. You had the Bell of Opening. You attained the rank of Journeyer. You handled the Candelabrum of Invocation. You handled the Book of the Dead. You gained access to Moloch's Sanctum. You attained the rank of Voyager. You reached the Elemental Planes. You reached the Astral Plane. You delivered the Amulet of Yendor. You ascended! The Elemental Planes: Astral Plane: <- You are here. Some temples. Plane of Water: Plane of Fire: Plane of Air: Plane of Earth: The Dungeons of Doom: levels 1 to 29 Level 1: A sink. One way stairs up to The Elemental Planes. Level 2: An altar to The Lady. Level 3: "grey uni" Stairs down to The Gnomish Mines. Level 4: Level 5: "Grey uni" Level 6: Oracle of Delphi. Level 7: Stairs up to Sokoban, level 6. Level 8: "e, c" Level 9: A sink. Level 10: "Temple, BOH, ee, c" A temple. Level 11: "llllll" Level 12: "e" Portal to The Quest. Level 13: A temple. Level 14: Level 15: "grey uni" Some fountains. Level 16: A primitive area. Level 17: Level 18: "lllllll" Level 19: "cccccccccccc" An altar to The Lady. Level 20: A fountain, a grave. Level 21: Level 22: "llllll" Level 23: A fountain. Level 24: An altar, a fountain. Level 25: Level 26: Level 27: Level 28: Level 29: A fountain. The castle (play notes "FEAFB" to open or close drawbridge). Connection to Gehennom. Gehennom: levels 30 to 49 Level 30: A temple, many graves. Valley of the Dead. Level 31: "asmo" Level 32: Level 33: Level 34: Level 35: A fountain. Level 36: Level 37: Level 38: "Baalz" Level 39: "orcus" Some shops, an altar, many graves. Level 40: Level 41: Level 42: Stairs up to Vlad's Tower, level 41. Level 43: Level 44: Level 45: Level 46: "realfakewiz" Level 47: "fakefakewiz" Level 48: Level 49: A temple, many graves. Moloch's Sanctum. The Gnomish Mines: levels 4 to 12 Level 4: "e" Level 5: "e" Level 6: An altar to The Lady, a grave. Final resting place for PetraKelly-Pri-Elf-Fem-Cha, killed by a horse, Kevkat-Hea-Gno-Mal-Neu, killed by a hill orc. Level 7: Level 8: Level 9: Level 10: Level 11: Level 12: A fountain. The Quest: levels 1 to 5 Level 1: Completed quest for Twoflower. Level 2: Level 3: Some shops. Level 4: Level 5: Some shops, a grave. Sokoban: levels 6 up to 3 Level 3: Solved. Level 4: Solved. Level 5: Solved. Level 6: Solved. Vlad's Tower: levels 41 up to 39 Level 39: Level 40: Level 41: Aloha n00b the Demigod... You went to your reward with 1907634 points, Sting (worth 800 zorkmids and 2000 points) Frost Brand (worth 3000 zorkmids and 7500 points) The Bell of Opening (worth 5000 zorkmids and 12500 points) The Platinum Yendorian Express Card (worth 7000 zorkmids and 17500 points) and 8713 pieces of gold, after 38761 moves. You were level 23 with a maximum of 263 hit points when you ascended.